 Dungeon Crawl Stone Soup version 0.27-a0-1119-gbf574a6a6b (webtiles) character file.

Game seed: 16449445235428446296

3 Zeld the Shield-Bearer (level 1, -2/16 HPs)
             Began as an Octopode Fighter on May 2, 2021.
             Slain by a ball python (3 damage)
             ... on level 1 of the Dungeon.
             The game lasted 00:00:23 (55 turns).

Zeld the Shield-Bearer (Octopode Fighter)             Turns: 55, Time: 00:00:24

Health: -2/16      AC:  1    Str: 15    XL:     1   Next: 50%
Magic:  1/1        EV:  8    Int: 10    God:
Gold:   0          SH:  8    Dex: 11    Spells: 0/0 levels left

rFire    . . .     SeeInvis .   a - +0 war axe
rCold    . . .     Faith    .   b - +0 kite shield
rNeg     . . .     Spirit   .   (helmet restricted)
rPois    .         Reflect  .   (no amulet)
rElec    .         Harm     .   (no ring)
rCorr    .         Rampage  .   (no ring)
Will     .....                  (no ring)
Stlth    ++........             (no ring)
HPRegen  0.05/turn              (no ring)
MPRegen  0.07/turn              (no ring)
                                (no ring)
                                (no ring)

@: constricted
A: almost no armour, amphibious, 8 rings, camouflage 1, gelatinous body 1,
(nimble swimmer 1), tentacles
a: no special abilities


You were on level 1 of the Dungeon.
You visited 1 branch of the dungeon, and saw 1 of its levels.

Inventory:

Hand Weapons
 a - a +0 war axe (weapon)
Armour
 b - a +0 kite shield (worn)
Scrolls
 d - a scroll of torment {unknown}
Potions
 c - a potion of might


   Skills:
 * Level 3.0 Fighting
 * Level 2.1 Axes
 - Level 3.0 Dodging
 * Level 3.0 Shields


You couldn't memorise any spells.
You didn't know any spells.
Your spell library was empty.

Dungeon Overview and Level Annotations

Branches:
Dungeon (1/15)

Altars:


Innate Abilities, Weirdness & Mutations

You cannot wear most types of armour.
You are amphibious.
You can wear up to eight rings at the same time.
Your skin changes colour to match your surroundings (Stealth+).
Your rubbery body absorbs attacks. (AC +1, EV +1)
((You are camouflaged near water. (Stealth+)))
You have tentacles for arms and can constrict up to eight enemies at once.


Message History

A goblin and 2 hobgoblins come into view.
Found a scroll labelled OROBOH WUJOATS and a sapphire potion.
There are monsters nearby!
There are monsters nearby!
A goblin comes into view. It is wielding a +0 dagger.
Found a hand axe.
A ball python comes into view.
The goblin shouts!
The hobgoblin shouts!
A bat comes into view.
The ball python hisses angrily.
The hobgoblin shouts!
The goblin shouts!
Found an escape hatch in the floor.
You slash the goblin!
You kill the goblin!
You barely miss the hobgoblin. You miss the goblin. The bat hits you.
The bat hits you but does no damage. The hobgoblin barely misses you.
The goblin barely misses you. The hobgoblin misses you.
The goblin hits you with a +0 club. The bat hits you but does no damage.
You block the ball python's attack. The ball python grabs you.
The ball python constricts you.
You escape the ball python's grasp.
The bat misses you. The hobgoblin hits you. The bat barely misses you.
The goblin barely misses you. The ball python barely misses you. x2
You are too injured to fight recklessly!
You are too injured to fight recklessly!
You slash the hobgoblin!
You kill the hobgoblin!
The bat barely misses you. The goblin hits you with a +0 club.
* * * LOW HITPOINT WARNING * * *
You hit the goblin but do no damage. You grab the goblin.
You constrict the goblin.
You kill the goblin!
The bat hits you.
* * * LOW HITPOINT WARNING * * *
The ball python closely misses you. The ball python grabs you.
* * * LOW HITPOINT WARNING * * *
The ball python constricts you.
You closely miss the ball python. You grab the ball python.
You constrict the ball python. The ball python bites you.
You die...

#........#
#.?......#
#....)...#
#!.......#
#........#
#.?......#
#......bg#
########S#
#@## #..#
##[# ####
#.#♣♣♣<.♣♣♣
#.#♣S♣..♣S♣
#.####..####
#.#..#''#..#
#.#........#
#.#.≈≈≈.≈≈.#


You could see a hobgoblin, a bat and a ball python.

Vanquished Creatures
  2 goblins (D:1)
  A hobgoblin (D:1)
3 creatures vanquished.

Notes
Turn   | Place    | Note
-------+----------+-------------------------------------------
     0 | D:1      | Zeld the Octopode Fighter began the quest for the Orb.
     0 | D:1      | Reached XP level 1. HP: 16/16 MP: 1/1
     6 | D:1      | Noticed a black mamba
     9 | D:1      | Noticed a black mamba
    55 | D:1      | Slain by a ball python

Illustrated notes

Levels and vault maps discovered:
D:1:      sevenhm_arrival_forest_fort_small_2, layout_basic,
          shapermc_ecumenical_altar_gd

Action                   || total
-------------------------++-------
Melee: War axe           ||     4
       Constrict         ||     2
Armor: Skin              ||     2
Dodge: Dodged            ||    10
Block: Kite shield       ||     1

Table legend: (Time is in decaauts)
 A = Elapsed time spent in this place.
 B = Non-inter-level travel time spent in this place.
 C = Inter-level travel time spent in this place.
 D = Time resting spent in this place.
 E = Time spent auto-exploring this place.
 F = Levels seen in this place.
 G = Mean time per level.
                   A        B        C        D        E       F      G
               +--------+--------+--------+--------+--------+-----+--------+
         Total |     57 |     57 |      0 |      0 |     26 |   1 |   57.0 |
       Dungeon |     57 |     57 |      0 |      0 |     26 |   1 |   57.0 |
               +--------+--------+--------+--------+--------+-----+--------+

Top non-repeatable levels by time:
     D:1: 57 daAuts
